 Dungeon Sprint DCSS version 0.19.0-11-g3fc08b3 (webtiles) character file.

3109 equalderp2856 the Ripper (level 9, -2/44 HPs)
             Began as a Felid Fighter on Nov 8, 2016.
             Impaled on a porcupine's spines (8 damage)
             ... in the Dungeon (Sprint IX: "|||||||||||||||||||||||||||||").
             The game lasted 00:05:58 (1681 turns).

equalderp2856 the Ripper (Felid Fighter)            Turns: 1681, Time: 00:05:58

Health: -2/44      AC:  2    Str: 15    XL:     9   Next: 60%
Magic:  10/10      EV: 28    Int:  9    God:
Gold:   0          SH:  0    Dex: 16    Spells: 0 memorised, 8 levels left
                                        Lives:  0   Deaths: 2

rFire  . . .     SeeInvis +       - Unarmed
rCold  . . .     Gourm    .     (armour unavailable)
rNeg   . . .     Faith    .     (shield unavailable)
rPois  .         Spirit   .     (helmet unavailable)
rElec  .         Reflect  .     (cloak unavailable)
rCorr  .         Harm     .     (gloves unavailable)
MR     +....     NoTele   +     (boots unavailable)
Stlth  ++++......               (no amulet)
                                (no ring)
                                (no ring)

@: quick
A: no armour, no weapons or thrown items, stealth, claws 1, fangs 3, see
invisible, carnivore 3, speed 1, shaggy fur 2, slow metabolism 1, sharp paws
a: no special abilities


You were in the Dungeon.
You were not hungry.

You visited 1 branch

Inventory:

Jewellery
 i - a +2 ring of evasion
 j - a +3 ring of strength
Wands
 k - a wand of acid (7/15)
Scrolls
 h - 3 scrolls of blinking
 l - 4 scrolls of remove curse
 m - 2 scrolls of amnesia
 p - a scroll of identify
Potions
 a - a potion of might
 c - 4 potions of curing
 d - 4 potions of heal wounds
 e - 2 potions of haste
 f - 4 potions of magic
 g - 3 potions of berserk rage
 n - a potion of invisibility
 o - a potion of cure mutation
Comestibles
 b - a meat ration


   Skills:
 + Level 7.8 Fighting
 + Level 12.5 Dodging
 + Level 8.4 Stealth
 + Level 18.2 Unarmed Combat


You had 8 spell levels left.
You didn't know any spells.

Dungeon Overview and Level Annotations

Branches:
Dungeon (1/1)

Altars:
Cheibriados
Dithmenos
Elyvilon
Fedhas
Gozag
Hepliaklqana
Kikubaaqudgha
Makhleb
Nemelex Xobeh
Okawaru
Qazlal
Ru
Sif Muna
Trog
Uskayaw
Vehumet
Xom
Yredelemnul
Zin
The Shining One
Beogh
Jiyva
Lugonu


Innate Abilities, Weirdness & Mutations

You cannot wear armour.
You are incapable of wielding weapons or throwing items.
Your paws allow you to move quietly. (Stealth)
You have sharp claws.
You have razor-sharp teeth.
You have supernaturally acute eyesight. (SInv)
You are carnivorous and can eat meat at any time.
You cover ground quickly.
You are covered in thick fur. (AC +2)
You have a slow metabolism.
Your sharp claws are effective at attacking unaware monsters.


Message History

You kill the spiny frog!
Your Unarmed Combat skill increases to level 18!
You see here a spiny frog corpse.
A porcupine comes into view.
You see here a blink frog corpse.
There is an open door here.
You see here a porcupine corpse.
You catch the helpless water moccasin completely off-guard!
You eviscerate the water moccasin!!!!
You kill the water moccasin!
The porcupine twitches its whiskers.
You are struck by the porcupine's spines.
You closely miss the porcupine. The porcupine bites you.
You are struck by the porcupine's spines.
* * * LOW HITPOINT WARNING * * *
You scratch the porcupine. You bite the porcupine.
The porcupine is heavily wounded.
The porcupine closely misses you.
You are struck by the porcupine's spines.
You die...

▓▓▓▓▓▓▓▓▓▓▓▓▓▓▓▓▓▓▓▓▓▓▓▓
.??.'..††...†.'†@r......
▓▓▓▓▓▓▓▓▓▓▓▓▓▓▓▓▓▓▓▓▓▓▓▓▓▓▓▓▓▓▓▓▓
.................................
▓▓▓▓▓▓▓▓▓▓▓▓▓▓▓▓▓▓▓▓▓▓▓▓▓▓▓▓▓▓▓▓▓
_______________________.'..|)[[[.
▓▓▓▓▓▓▓▓▓▓▓▓▓▓▓▓▓▓▓▓▓▓▓▓▓▓▓▓▓▓▓▓▓


You could see a porcupine.

Vanquished Creatures
  A hill giant (D)
  An elephant (D)
  3 spiny frogs (D)
  A blink frog (D)
  A hippogriff (D)
  3 yaks (D)
  A basilisk (D)
  4 porcupines (D)
  2 water moccasins (D)
  A phantom (D)
  3 sky beasts (D)
  3 bullfrogs (D)
  A howler monkey (D)
  A jelly (D)
  An adder (D)
  A worm (D)
  A dart slug (D)
  An orc (D)
  A bat skeleton (D)
  2 bat zombies (D)
  A hobgoblin (D)
  A jackal (D)
  A quokka (D)
  A goblin (D)
  2 rats (D)
39 creatures vanquished.

Notes
Turn   | Place    | Note
-------+----------+-------------------------------------------
     0 | D        | equalderp2856 the Felid Fighter began the quest for the Orb.
     0 | D        | Reached XP level 1. HP: 10/10 MP: 2/2
    17 | D        | Noticed a sky beast
    17 | D        | Noticed a phantom
    17 | D        | Noticed a sky beast
    21 | D        | Killed a sky beast
    21 | D        | Reached skill level 7 in Unarmed Combat
    21 | D        | Reached XP level 2. HP: 15/15 MP: 3/3
    21 | D        | Reached XP level 3. HP: 18/18 MP: 4/4
    21 | D        | Reached XP level 4. HP: 22/22 MP: 5/5
    30 | D        | Killed a phantom
    30 | D        | Reached skill level 5 in Fighting
    30 | D        | Reached skill level 9 in Unarmed Combat
    30 | D        | Reached XP level 5. HP: 18/26 MP: 6/6
    33 | D        | Slain by a sky beast
    34 | D        | Reached XP level 4. HP: 0/23 MP: 5/5
    93 | D        | Noticed a yak
    93 | D        | Noticed a bullfrog
    93 | D        | Noticed a hill giant
   101 | D        | Killed a hill giant
   101 | D        | Reached skill level 12 in Unarmed Combat
   101 | D        | Reached XP level 5. HP: 28/28 MP: 6/6
   101 | D        | Gained mutation: You are covered in thick fur. (AC +2) [Felid growth]
   101 | D        | Reached XP level 6. HP: 31/31 MP: 7/7
   101 | D        | Reached XP level 7. HP: 35/35 MP: 8/8
   109 | D        | Reached skill level 13 in Unarmed Combat
   114 | D        | Killed a yak
   114 | D        | Reached skill level 5 in Stealth
   241 | D        | Reached skill level 10 in Dodging
   254 | D        | Reached skill level 14 in Unarmed Combat
   359 | D        | Found a glowing golden altar of the Shining One.
   359 | D        | Found a glowing silver altar of Zin.
   359 | D        | Found a basalt altar of Yredelemnul.
   359 | D        | Found a shimmering altar of Xom.
   359 | D        | Found a radiant altar of Vehumet.
   360 | D        | Found a hide-covered altar of Uskayaw.
   361 | D        | Found a bloodstained altar of Trog.
   362 | D        | Found a deep blue altar of Sif Muna.
   363 | D        | Found a sacrificial altar of Ru.
   364 | D        | Found a stormy altar of Qazlal.
   365 | D        | Found an iron altar of Okawaru.
   366 | D        | Found a sparkling altar of Nemelex Xobeh.
   367 | D        | Found a burning altar of Makhleb.
   368 | D        | Found a corrupted altar of Lugonu.
   369 | D        | Found an ancient bone altar of Kikubaaqudgha.
   370 | D        | Found a viscous altar of Jiyva.
   371 | D        | Found a hazy altar of Hepliaklqana.
   372 | D        | Found an opulent altar of Gozag.
   373 | D        | Found a blossoming altar of Fedhas.
   374 | D        | Found a white marble altar of Elyvilon.
   375 | D        | Found a shadowy altar of Dithmenos.
   376 | D        | Found a snail-covered altar of Cheibriados.
   377 | D        | Found a roughly hewn altar of Beogh.
   413 | D        | Reached XP level 8. HP: 40/40 MP: 9/9
   669 | D        | Noticed a spiny frog
   669 | D        | Noticed a spiny frog
   669 | D        | Noticed a hippogriff
   678 | D        | Noticed an elephant
   680 | D        | Slain by a spiny frog
   681 | D        | Reached XP level 7. HP: -2/36 MP: 8/8
   708 | D        | Killed a spiny frog
   708 | D        | Reached skill level 15 in Unarmed Combat
   839 | D        | Killed a spiny frog
   839 | D        | Reached XP level 8. HP: 22/40 MP: 9/9
  1038 | D        | Killed a hippogriff
  1038 | D        | Reached skill level 16 in Unarmed Combat
  1405 | D        | Killed an elephant
  1407 | D        | Reached skill level 17 in Unarmed Combat
  1407 | D        | Reached XP level 9. HP: 25/43 MP: 10/10
  1511 | D        | Noticed a spiny frog
  1668 | D        | Killed a spiny frog
  1668 | D        | Reached skill level 18 in Unarmed Combat
  1681 | D        | Impaled on a porcupine's spines

Skill      XL: |  1  2  3  4  5  6  7  8  9 |
---------------+----------------------------+-----
Fighting       | 4 6 7 |  7.8
Dodging        | 6 9 11 12 | 12.5
Stealth        | 2 4 6 7 8 |  8.4
Unarmed Combat | 7 12 15 17 18 | 18.2

Action                   |  1- 3 |  4- 6 |  7- 9 || total
-------------------------+-------+-------+-------++-------
Melee: Unarmed           |    10 |    18 |   131 ||   159
       Bite              |     1 |     1 |    12 ||    14
       Punch             |       |     1 |    14 ||    15
  Use: Potion            |       |       |     2 ||     2
 Stab: Sleeping          |     1 |       |     2 ||     3
       Distracted        |       |       |     1 ||     1
  Eat: Chunk             |       |       |     1 ||     1
Armor: Skin              |       |       |     3 ||     3
Dodge: Dodged            |     4 |    11 |    97 ||   112
